 Dungeon Crawl Stone Soup version 0.26.0-16-gc1dbca0489 (webtiles) character file.

Game seed: 17469370170983227296

74 Qrupt the Firebug (level 4, -3/63 HPs)
             Began as an Ogre Fire Elementalist on Jan 21, 2021.
             Killed from afar by an orc wizard (8 damage)
             ... with a magic dart
             ... on level 3 of the Dungeon.
             The game lasted 00:05:24 (2556 turns).

Qrupt the Firebug (Ogre Fire Elementalist)          Turns: 2556, Time: 00:05:26

Health: -3/63      AC: 22    Str: 12    XL:     4   Next: 28%
Magic:  2/8        EV:  1    Int: 17    God:
Gold:   61         SH:  0    Dex:  9    Spells: 8/9 levels left

rFire    . . .     SeeInvis .   c - +0 club
rCold    . . .     Faith    .   (no shield)
rNeg     + + +     Spirit   .   (armour currently unavailable)
rPois    +         Reflect  .   (helmet currently unavailable)
rElec    .         Harm     .   (cloak currently unavailable)
rCorr    .         Rampage  .   (gloves unavailable)
Will     .....     NoTele   +   (boots unavailable)
Stlth    +.........             (no amulet)
HPRegen  0.20/turn              (no ring)
MPRegen  0.11/turn              (no ring)

@: brilliant, tree-form, slowed, very slow
A: large, unfitting armour
a: no special abilities


You were on level 3 of the Dungeon.
You were a tree.
You visited 1 branch of the dungeon, and saw 3 of its levels.

You collected 61 gold pieces.

Inventory:

Hand Weapons
 b - a +0 short sword
 c - a +0 club (weapon)
Missiles
 m - a throwing net
 s - 14 poisoned darts
Armour
 a - a +0 robe (melded)
 f - a +0 tower shield
 k - a +0 cloak (melded)
Jewellery
 r - an uncursed ring of ice {unknown}
Scrolls
 d - 2 scrolls of enchant armour {unknown}
 e - 4 scrolls of enchant weapon {unknown}
 h - 2 scrolls of remove curse {unknown}
 i - 3 scrolls of identify {unknown}
 l - 2 scrolls of holy word {unknown}
 o - a scroll of teleportation {unknown}
 q - 2 scrolls of magic mapping {unknown}
Potions
 n - a potion of mutation {unknown}
 p - a potion of flight {unknown}
 t - a potion of degeneration {unknown}


   Skills:
 + Level 2.2 Fighting
 - Level 1.7 Dodging
 - Level 1.4 Stealth
 + Level 3.2 Spellcasting
 + Level 1.9 Conjurations
 + Level 3.2 Fire Magic


You had 8 spell levels left.
You knew the following spells:

 Your Spells              Type           Power        Failure   Level
a - Foxfire               Conj/Fire      68%          6%          1

Your spell library contained the following spells:

 Spells                   Type           Power        Failure   Level
 Conjure Flame            Conj/Fire      17%          19%         3
 Inner Flame              Hex/Fire       12%          26%         3
 Sticky Flame             Conj/Fire      17%          52%         4
 Fireball                 Conj/Fire      8%           86%         5


Dungeon Overview and Level Annotations

Branches:
Dungeon (3/15)

Altars:
Elyvilon
Fedhas
Hepliaklqana
Trog


Innate Abilities, Weirdness & Mutations

You are too large for most types of armour.
((You have tough skin. (AC +1)))


Message History

The orc wizard hits you but does no damage.
The orc hits you but does no damage.
The orc wizard hits you with a +0 dagger.
* * * LOW HITPOINT WARNING * * *
The orc completely misses you.
You barely miss the orc wizard.
The orc wizard is severely wounded.
The orc wizard casts a spell at you. The magic dart hits you!
* * * LOW HITPOINT WARNING * * *
The orc wizard hits you but does no damage.
The orc hits you but does no damage.
The orc wizard hits you but does no damage.
It was a potion of brilliance.
You feel clever all of a sudden.
The orc wizard hits you but does no damage.
The orc hits you but does no damage. The orc wizard casts a spell at you.
The magic dart hits you!
You die...

####### ......# #####.# #####
#####.# ##...## ......#
##.....## #####.###.......##
#####.##....<....#
................o############
#####.##........♣o..........#
...###........##########.# #
#..............# .#
###.###.#...#### .# #.#
#.##.## .# #.# #.##.# .# #.
.##.# .# o#


You could see an orc wizard (fast) and an orc.

Vanquished Creatures
  2 adders
  3 dart slugs
  3 leopard geckos
  An orc (D:3)
  4 giant cockroaches (D:1)
  6 goblins
  4 hobgoblins
  6 kobolds
  8 bats
  3 frilled lizards
  2 rats
42 creatures vanquished.

Vanquished Creatures (others)
  102 foxfires
102 creatures vanquished.

Grand Total: 144 creatures vanquished

Notes
Turn   | Place    | Note
-------+----------+-------------------------------------------
     0 | D:1      | Qrupt the Ogre Fire Elementalist began the quest for the
                  | Orb.
     0 | D:1      | Reached XP level 1. HP: 16/16 MP: 3/3
    40 | D:1      | Reached skill level 1 in Conjurations
    57 | D:1      | Reached XP level 2. HP: 26/26 MP: 0/5
    81 | D:1      | Reached skill level 1 in Fighting
   510 | D:1      | Reached XP level 3. HP: 33/33 MP: 4/7
  1414 | D:2      | Found a bloodstained altar of Trog.
  1457 | D:2      | Found a white marble altar of Elyvilon.
  1983 | D:2      | Reached XP level 4. HP: 41/42 MP: 5/8
  2439 | D:3      | Found a blossoming altar of Fedhas.
  2450 | D:3      | Found a hazy altar of Hepliaklqana.
  2556 | D:3      | Killed from afar by an orc wizard

Illustrated notes

Levels and vault maps discovered:
D:1:      heliophobic_arrival_battle_scene, layout_rooms, minivault_5
D:2:      layout_basic, lemuel_coloured_pillars_altar, old_standard_altar
D:3:      layout_loops_ring, overflow_temple_1_default, old_standard_altar,
          overflow_temple_1_default, gup_sewer_entry_bowl

Skill      XL: |  1  2  3 |
---------------+----------+-----
Conjurations   | 1 |  1.9
Fighting       | 1 2 |  2.2
Fire Magic     | 3 |  3.2
Spellcasting   | 3 |  3.2
Dodging        | |  1.7
Stealth        | |  1.4

Action                   |  1- 3 |  4- 6 || total
-------------------------+-------+-------++-------
Melee: Unarmed           |    11 |       ||    11
       Short sword       |    20 |       ||    20
       Club              |    28 |    10 ||    38
 Cast: Foxfire           |    50 |    14 ||    64
  Use: Potion            |       |     2 ||     2
 Stab: Sleeping          |       |     1 ||     1
Armor: Robe              |    29 |     6 ||    35
       Skin              |       |     6 ||     6
Dodge: Dodged            |    61 |    20 ||    81
